 Dungeon Crawl Stone Soup version 0.22.1-2-g9c5b331 (webtiles) character file.

86 Gearfox the Chopper (level 4, 39/39 HPs)
             Began as a Hill Orc Fighter on Dec 6, 2018.
             Quit the game on level 3 of the Dungeon.
             The game lasted 00:07:24 (2599 turns).

Gearfox the Chopper (Hill Orc Fighter)              Turns: 2599, Time: 00:07:24

Health: 39/39      AC:  6    Str: 21    XL:     4   Next: 49%
Magic:  4/4        EV:  7    Int:  8    God:
Gold:   99         SH:  9    Dex: 10    Spells: 3/3 levels left

rFire    . . .     SeeInvis .   i - +1 hand axe (vamp)
rCold    . . .     Gourm    .   c - +0 shield
rNeg     . . .     Faith    .   b - +0 scale mail
rPois    .         Spirit   .   (no helmet)
rElec    .         Reflect  .   (no cloak)
rCorr    .         Harm     .   (no gloves)
MR       .....                  (no boots)
Stlth    ..........             (no amulet)
HPRegen  0.13/turn              n - +2 ring of strength
MPRegen  0.09/turn              o - ring of wizardry

@: no status effects
A: no striking features
a: no special abilities


You were on level 3 of the Dungeon.
You were not hungry.

You visited 1 branch of the dungeon, and saw 3 of its levels.

You collected 99 gold pieces.

Inventory:

Hand Weapons
 a - a +0 war axe
 i - a +1 vampiric hand axe (weapon)
Armour
 b - a +0 scale mail (worn)
 c - a +0 shield (worn)
Jewellery
 n - a +2 ring of strength (left hand)
 o - a ring of wizardry (right hand)
 p - an uncursed ring of wizardry
Scrolls
 e - a scroll of remove curse
 l - a scroll of magic mapping
Potions
 d - a potion of might
 g - a potion of lignification {unknown}
 h - 2 potions of heal wounds {unknown}
 k - 2 potions of berserk rage {unknown}
 m - a potion of curing {unknown}
 q - a potion of mutation {unknown}
 r - a potion of haste {unknown}
Comestibles
 f - 3 rations
 j - 5 chunks of flesh


   Skills:
 - Level 3.6 Fighting
 * Level 6.1 Axes
 - Level 3.2 Armour
 - Level 3.2 Shields


You had 3 spell levels left.
You didn't know any spells.
Your spell library was empty.

Dungeon Overview and Level Annotations

Branches:
Dungeon (3/15)

Altars:
Fedhas
Gozag

Shops:
D:3 *


Message History

A kobold comes into view.
Found a ration.
The kobold hits you but does no damage.
You see here 9 gold pieces.
You barely miss the kobold. The kobold hits you.
You hit the kobold but do no damage. You block the kobold's attack.
You closely miss the kobold. The kobold hits you but does no damage.
You hit the kobold.
You feel better.
You kill the kobold!
You now have 99 gold pieces (gained 9).
There isn't anything here!
f - 3 rations (gained 1)
Found an opulent altar of Gozag.
Found Gozag's Platinum Reserve.
Found a robe.
There is an opulent altar of Gozag here.
There is an entrance to Gozag's Platinum Reserve here.
There is an opulent altar of Gozag here.
Clearing level map.
Are you sure you want to abandon this character and quit the game? (Confirm

.##.########.# .....
.##.# #.. ......
.##.##############...###
.##.##..................
.##.##...........######.
.+..#...............#
.####.........≈≈.≈≈.# ##
#.........≈...≈.#### .#
#.........≈.@.≈..... .#
#........≈≈...≈≈.... .#
#........≈.....≈.... .#
#........≈.⌠.⌠.≈.... .#
#.#######≈..∩..≈.#.. .#
#.# #≈.⌠.⌠.≈[#.# .# #.#
#≈.....≈+#
#####'#######≈≈≈≈≈≈≈..
...............#........


There were no monsters in sight!

Vanquished Creatures
  3 gnolls (D:2)
  2 dart slugs
  3 leopard geckos
  5 giant cockroaches
  5 goblins
  7 hobgoblins
  4 jackals (D:1)
  5 kobolds
  A quokka (D:2)
  3 bats (D:1)
  4 frilled lizards (D:1)
  3 rats
45 creatures vanquished.

Notes
Turn   | Place    | Note
-------+----------+-------------------------------------------
     0 | D:1      | Gearfox the Hill Orc Fighter began the quest for the Orb.
     0 | D:1      | Reached XP level 1. HP: 19/19 MP: 1/1
    84 | D:1      | Reached skill level 3 in Axes
   250 | D:1      | Reached XP level 2. HP: 22/26 MP: 2/2
   432 | D:1      | Reached skill level 4 in Axes
   698 | D:1      | Reached XP level 3. HP: 31/31 MP: 3/3
  1007 | D:1      | Reached skill level 5 in Axes
  1909 | D:2      | Found a blossoming altar of Fedhas.
  2080 | D:2      | Reached XP level 4. HP: 39/39 MP: 4/4
  2087 | D:2      | Reached skill level 6 in Axes
  2578 | D:3      | Found an opulent altar of Gozag.
  2587 | D:3      | Found Gozag's Platinum Reserve.
  2599 | D:3      | Quit the game

Skill      XL: |  1  2  3  4 |
---------------+-------------+-----
Axes           | 3 4 5 6 |  6.1
Fighting       | |  3.6
Armour         | |  3.2
Shields        | |  3.2

Action                   |  1- 3 |  4- 6 || total
-------------------------+-------+-------++-------
Melee: War axe           |    87 |       ||    87
       Hand axe          |    14 |    15 ||    29
  Use: Scroll            |     3 |       ||     3
  Eat: Chunk             |     3 |       ||     3
       Ration            |     2 |       ||     2
Armor: Scale mail        |    49 |     9 ||    58
Dodge: Dodged            |    35 |     6 ||    41
Block: Shield            |    64 |     5 ||    69
